Map: Jagannatha LE

Players

Maru - Winner!

  • Race: Terran Terran
  • Spawn Location: 7:00

HeRoMaRinE

  • Race: Terran Terran
  • Spawn Location: 1:00

Event: IEM Katowice 2021

VOD

Have the link to the VOD?

Description

Time

  • Played on: Feb. 26, 2021, 10:38 a.m.
  • Length: 23:48

All games in this series

Show
View Real Time Build Order
Export as new Build Order

Maru Terran - Winner!

Build Orders:  

Get SALT Encoding   

  12  0:00  SCV  
  13  0:12  SCV  
  14  0:17  Supply Depot  
  14  0:24  SCV  
  15  0:38  SCV  
  15  0:40  Barracks  
  16  0:44  Refinery  
  16  0:51  SCV  
  17  1:02  Barracks  
  17  1:05  SCV  
  18  1:17  SCV  
  19  1:29  Reaper  
  19  1:30  Orbital Command  
  20  1:35  Supply Depot  
  20  1:49  Reaper  
  21  1:55  SCV  
  22  2:06  Reaper  
  22  2:07  SCV  
  24  2:17  Command Center  
  24  2:20  SCV, Refinery  
  25  2:33  SCV  
  26  2:43  Factory  
  26  2:45  SCV  
  26  2:49  Supply Depot  
  27  2:57  SCV  
  28  3:06  Barracks Reactor  
  28  3:10  SCV  
  29  3:16  Command Center  
  29  3:24  SCV  
  32  3:27  Hellion  
  32  3:30  Orbital Command  
  32  3:37  SCV  
  32  3:40  Starport  
  33  3:48  Factory Tech Lab  
  33  3:49  SCV  
  33  3:50  Barracks Tech Lab  
  33  3:52  Marine x2  
  33  3:54  Hellion  
  38  4:01  SCV  
  38  4:09  Marine  
  38  4:10  SCV, Marine  
  38  4:13  SCV  
  42  4:17  Factory Tech Lab  
  42  4:22  SCV  
  43  4:26  SCV  
  43  4:29  Refinery  
  43  4:30  Barracks Tech Lab  
  44  4:34  Raven  
  44  4:38  SCV  
  46  4:41  SCV, Orbital Command  
  46  4:43  Siege Tank  
  50  4:50  SCV  
  50  4:51  Stimpack, Marine x2  
  53  4:55  SCV  
  53  4:59  Refinery  
  54  5:01  Marine  
  54  5:03  SCV  
  56  5:07  SCV  
  56  5:08  SCV  
  56  5:12  Engineering Bay  
  56  5:14  Engineering Bay  
  58  5:15  SCV  
  58  5:20  Supply Depot  
  58  5:21  Raven  
  61  5:23  SCV x2  
  61  5:25  Marine x2  
  61  5:26  Marine  
  66  5:34  SCV  
  66  5:35  SCV, Supply Depot  
  67  5:36  SCV  
  67  5:42  Siege Tank  
  68  5:50  Marine x3  
  68  5:51  Barracks  
  68  5:55  Terran Infantry Weapons Level 1, Terran Infantry Armor Level 1  
  71  5:58  SCV, Orbital Command  
  71  6:00  SCV  
  71  6:01  Supply Depot  
  73  6:04  Raven  
  73  6:08  Marine x3  
  73  6:10  SCV  
  79  6:12  SCV  
  79  6:16  Siege Tank  
  79  6:17  Supply Depot  
  83  6:20  Bunker  
  83  6:22  SCV  
  83  6:24  SCV x2  
  86  6:27  Marine x2  
  86  6:30  Marine  
  86  6:31  Combat Shield  
  89  6:34  SCV, Supply Depot  
  89  6:36  SCV  
  91  6:46  Marine x2  
  80  6:47  Barracks Reactor  
  80  6:52  Siege Tank  
  83  6:54  Medivac, Marine  
  83  6:56  SCV x2  
  88  7:02  Orbital Command  
  88  7:04  Marine x2  
  90  7:12  Marine  
  88  7:21  Marine  
  88  7:22  Marine  
  61  7:24  Siege Tank  
  61  7:25  Marine x2  
  61  7:26  SCV  
  61  7:27  SCV  
  68  7:30  Marine  
  68  7:36  Barracks  
  69  7:38  Barracks  
  69  7:39  Marine x2  
  69  7:42  Marine  
  69  7:43  Marine  
  58  7:47  SCV  
  58  7:48  Marine  
  58  7:49  SCV  
  53  7:57  Marine x2  
  52  8:00  Marine x2, Siege Tank  
  52  8:04  SCV  
  56  8:06  SCV, Marine  
  56  8:10  SCV  
  58  8:15  Marine x2  
  58  8:16  SCV  
  58  8:19  SCV  
  60  8:23  SCV  
  61  8:28  SCV  
  61  8:29  Barracks Reactor x2  
  61  8:31  SCV  
  61  8:32  Siege Tank  
  66  8:35  Medivac  
  66  8:37  Medivac  
  70  8:42  Marine x3  
  70  8:43  Marine  
  70  8:44  SCV  
  70  8:46  SCV  
  70  8:47  SCV  
  77  8:57  SCV  
  77  8:58  SCV  
  77  8:59  SCV  
  80  9:03  Armory  
  80  9:09  SCV  
  81  9:10  SCV, Viking x2  
  81  9:11  SCV  
  87  9:21  SCV  
  87  9:23  SCV  
  87  9:24  SCV  
  90  9:33  SCV, Supply Depot  
  90  9:35  SCV  
  90  9:36  SCV  
  93  9:40  Viking x2  
  93  9:45  SCV  
  98  9:47  SCV  
  98  9:48  SCV  
  98  9:50  Marine  
  98  9:51  Marine x2, Barracks Reactor  
  101  9:57  SCV  
  101  9:59  SCV  
  94  10:01  Marine x2  
  94  10:03  SCV  
  94  10:04  Marine x2  
  99  10:07  Marine  
  99  10:09  SCV  
  99  10:10  Viking x2  
  99  10:12  SCV  
  106  10:17  Command Center  
  106  10:19  Supply Depot x2, Terran Infantry Weapons Level 2  
  105  10:22  Terran Infantry Armor Level 2  
  105  10:30  Terran Vehicle Weapons Level 1  
  105  10:32  Factory  
  105  10:33  Supply Depot x2  
  105  10:38  Refinery  
  105  10:39  Supply Depot, Refinery  
  105  10:41  Siege Tank  
  108  10:46  SCV x2  
  108  10:48  Marine  
  111  10:50  Sensor Tower  
  111  10:51  SCV  
  111  10:54  Viking  
  114  10:58  SCV x2  
  114  10:59  Marine  
  114  11:00  Marine x4  
  114  11:01  Marine  
  114  11:03  SCV  
  122  11:10  SCV x2  
  124  11:11  Marine  
  124  11:15  Siege Tank, Viking  
  130  11:19  Siege Tank  
  130  11:23  Marine  
  130  11:24  Marine x7  
  138  11:39  Marine  
  135  11:41  Marine  
  135  11:44  Marine x2  
  138  11:47  Siege Tank  
  138  11:48  Marine  
  138  11:49  Marine x4  
  138  11:51  Siege Tank  
  147  11:57  Marine  
  147  11:58  Viking x2  
  147  11:59  Marine  
  144  12:02  Marine x2  
  146  12:14  Supply Depot  
  146  12:15  Marine x5  
  146  12:16  Marine  
  146  12:19  Siege Tank  
  155  12:28  Terran Vehicle Weapons Level 2, Viking x2  
  159  12:30  Marine, Starport  
  159  12:32  Starport  
  160  12:52  Supply Depot  
  160  12:55  SCV x3  
  160  12:56  Siege Tank x2  
  169  12:58  Viking  
  171  13:07  SCV  
  171  13:11  Starport Tech Lab  
  171  13:12  Starport Tech Lab, Planetary Fortress, SCV  
  171  13:13  Viking  
  173  13:20  Supply Depot x2  
  173  13:26  Marine  
  174  13:28  Siege Tank  
  174  13:32  Command Center  
  165  13:39  Raven x2  
  165  13:40  Medivac  
  164  13:46  Marine x2  
  158  13:49  Siege Tank  
  158  13:53  Marine x7  
  168  13:56  SCV x2, Refinery x2  
  168  13:57  SCV x2  
  168  14:01  Sensor Tower  
  172  14:04  Marine  
  172  14:08  SCV  
  174  14:16  Marine  
  169  14:19  Marine  
  169  14:20  Marine x3  
  158  14:25  Viking  
  158  14:26  Marine, Siege Tank x2  
  165  14:34  Terran Infantry Weapons Level 3  
  165  14:35  SCV  
  166  14:41  Medivac x2  
  170  14:46  Missile Turret  
  170  14:47  Missile Turret  
  170  14:48  SCV x2  
  170  14:49  SCV x2  
  174  14:54  Terran Infantry Armor Level 3  
  174  15:10  Viking  
  174  15:11  Viking x3  
  182  15:16  Sensor Tower  
  182  15:17  Refinery  
  182  15:19  Refinery  
  182  15:32  Missile Turret  
  182  15:34  Missile Turret  
  182  15:40  Raven  
  182  15:41  Raven  
  185  15:49  Terran Vehicle Weapons Level 3, Marine x4  
  181  15:50  Marine x5  
  188  15:58  Planetary Fortress  
  188  16:07  Marine  
  189  16:13  Missile Turret  
  189  16:14  Missile Turret  
  189  16:16  Missile Turret  
  189  16:21  Siege Tank  
  196  16:28  Viking x2  
  196  16:29  Viking  
  198  16:33  Starport  
  198  16:34  Command Center, Starport  
  198  16:44  Siege Tank  
  198  16:45  Marine x2  
  198  16:46  Marine  
  177  16:47  Marine x2  
  177  16:52  Viking  
  177  16:53  Siege Tank  
  179  16:55  Marine x2  
  179  16:56  Marine  
  179  16:58  Viking x2  
  179  16:59  Viking  
  187  17:08  Marine  
  188  17:16  Armory  
  188  17:17  Siege Tank  
  185  17:25  Siege Tank  
  185  17:26  Marine  
  183  17:36  Raven  
  183  17:37  Raven, Marine  
  181  17:38  Marine x7  
  181  17:44  Marine  
  191  17:49  Siege Tank  
  195  17:57  Siege Tank  
  178  18:00  Marine x4, Viking x4  
  178  18:01  Marine x4  
  183  18:08  Marine  
  181  18:13  Terran Vehicle And Ship Armor Level 1  
  181  18:18  Marine x2  
  181  18:19  Viking x2  
  187  18:30  Viking  
  187  18:31  Marine x2  
  191  18:39  Sensor Tower  
  191  18:40  Marine x3  
  194  18:47  Viking x2  
  181  18:51  Siege Tank x2  
  181  18:54  Raven, Viking x2  
  189  18:58  Terran Ship Weapons Level 1  
  189  19:08  Viking  
  177  19:17  Viking  
  170  19:30  Starport Tech Lab, Starport Reactor  
  170  19:31  Marine x2  
  170  19:32  Marine x6, Orbital Command  
  170  19:33  Raven  
  170  19:36  Raven  
  182  19:42  Command Center  
  182  19:43  Sensor Tower  
  182  19:47  Supply Depot  
  180  20:16  Raven  
  180  20:18  Viking x4  
  168  20:46  Marine  
  168  20:47  Marine x8  
  168  20:56  Medivac x4  
  176  20:58  Siege Tank x2  
  176  21:03  SCV  
  183  21:10  Terran Vehicle And Ship Armor Level 2  
  183  21:12  Raven  
  183  21:13  Marine x5  
  183  21:15  Orbital Command  
  190  21:20  Medivac  
  192  21:31  Orbital Command  
  192  21:43  Marine x2  
  192  21:44  Medivac x2  
  198  21:53  Marine  
  198  21:54  Marine  
  198  22:01  Marine  
  198  22:05  Marine  
  191  22:17  Marine x6  
  197  22:29  Raven x2, Marine  
  171  22:30  Marine x2  
  171  22:35  Marine x6  
  161  22:44  Siege Tank x2  
  161  22:47  Marine  
  161  22:48  Marine x2  
  170  22:52  Marine  
  170  22:53  Marine x3  
  170  22:55  Marine  
  170  22:56  Marine  
  176  23:05  Marine x3  
  176  23:06  Orbital Command  
  176  23:10  Marine  
  176  23:11  Marine x3  
  183  23:13  Marine x2  
  179  23:23  Marine x3  
  183  23:28  Marine x4  
Show
View Real Time Build Order
Export as new Build Order

HeRoMaRinE Terran 

Build Orders:  

Get SALT Encoding   

  12  0:00  SCV  
  13  0:12  SCV  
  14  0:17  Supply Depot  
  14  0:24  SCV  
  15  0:39  SCV  
  15  0:40  Barracks  
  16  0:43  Refinery  
  16  0:51  SCV  
  16  0:53  Refinery  
  17  1:03  SCV  
  18  1:15  SCV  
  19  1:27  Reaper, Orbital Command  
  19  1:29  Supply Depot  
  20  1:45  Factory  
  20  1:53  SCV  
  21  1:59  Reaper  
  22  2:05  SCV  
  23  2:17  SCV  
  24  2:24  Command Center  
  24  2:31  Marine  
  24  2:32  SCV  
  26  2:40  Supply Depot  
  26  2:45  Hellion  
  26  2:46  SCV  
  26  2:49  Reaper  
  30  2:58  SCV  
  31  3:06  Hellion, Starport  
  31  3:10  SCV  
  34  3:21  Barracks Reactor  
  34  3:23  SCV  
  35  3:28  Factory Tech Lab  
  35  3:35  SCV  
  35  3:38  Refinery  
  36  3:43  Starport Tech Lab  
  36  3:47  SCV, Cyclone  
  40  3:57  Orbital Command  
  40  3:59  SCV  
  40  4:00  Marine x2  
  40  4:02  Raven  
  45  4:06  Supply Depot  
  45  4:11  SCV  
  46  4:18  Marine x2  
  46  4:19  Siege Tank  
  46  4:23  SCV  
  52  4:26  SCV  
  52  4:29  Supply Depot  
  53  4:35  Marine  
  53  4:36  Marine  
  53  4:37  SCV  
  53  4:38  SCV  
  53  4:42  Supply Depot  
  53  4:44  Raven  
  56  4:49  SCV  
  56  4:50  SCV  
  56  4:52  Siege Tank  
  61  4:53  Marine x2  
  61  4:57  Supply Depot  
  63  5:01  SCV  
  63  5:04  SCV  
  65  5:11  Marine  
  65  5:13  SCV  
  67  5:16  SCV  
  67  5:17  Command Center  
  69  5:25  SCV  
  70  5:28  SCV  
  70  5:29  Siege Tank  
  73  5:37  SCV  
  73  5:40  Viking  
  73  5:41  SCV, Viking  
  78  5:47  Stimpack  
  78  5:49  SCV  
  77  5:51  Marine  
  77  5:53  SCV  
  79  5:57  Supply Depot  
  79  6:00  Refinery  
  79  6:01  Siege Tank  
  79  6:02  SCV  
  83  6:05  SCV  
  83  6:10  Viking  
  86  6:18  SCV, Marine, Viking  
  86  6:19  SCV  
  86  6:21  Supply Depot  
  91  6:30  Orbital Command  
  91  6:31  SCV x2  
  93  6:33  Siege Tank  
  93  6:36  Marine  
  97  6:43  SCV x2  
  94  6:47  Viking  
  94  6:48  Viking  
  98  6:54  Marine  
  98  6:55  SCV x2  
  102  7:03  Engineering Bay x2, Orbital Command  
  102  7:07  SCV x2  
  103  7:10  Siege Tank  
  103  7:12  Marine  
  105  7:17  Viking  
  105  7:18  Viking  
  105  7:19  SCV x2  
  93  7:29  Marine  
  93  7:30  SCV  
  93  7:31  SCV x2  
  97  7:42  Terran Infantry Armor Level 1, Terran Infantry Weapons Level 1  
  97  7:43  SCV x3  
  87  7:47  Viking  
  87  7:48  Viking  
  87  7:49  Marine  
  87  7:51  Barracks x2  
  89  7:55  SCV x3  
  92  7:59  Siege Tank  
  95  8:07  SCV x3, Marine  
  89  8:16  Refinery  
  89  8:17  Bunker, Refinery  
  89  8:19  SCV x2  
  89  8:20  Combat Shield  
  89  8:21  SCV  
  89  8:24  Barracks  
  89  8:25  Barracks  
  89  8:26  Supply Depot  
  89  8:27  Viking  
  92  8:31  Siege Tank  
  92  8:34  Viking  
  97  8:36  SCV  
  97  8:37  SCV  
  97  8:38  SCV  
  97  8:39  Sensor Tower  
  97  8:40  Barracks Reactor  
  100  8:41  Barracks Reactor  
  100  8:46  Missile Turret  
  100  8:47  Supply Depot, Missile Turret  
  100  8:49  Marine  
  101  8:59  Command Center  
  101  9:03  Siege Tank  
  101  9:06  Supply Depot x2  
  101  9:08  Marine  
  105  9:10  Medivac x2  
  105  9:12  Barracks Reactor x2, Missile Turret  
  105  9:14  Armory  
  109  9:19  Marine x4  
  113  9:26  Marine  
  113  9:35  Siege Tank  
  113  9:36  Marine  
  113  9:37  Marine x3  
  120  9:39  SCV x3, Missile Turret  
  120  9:41  Factory  
  120  9:42  Supply Depot  
  124  9:47  Medivac x2  
  124  9:51  SCV  
  124  9:52  SCV x2  
  125  9:53  Marine x3, Barracks Reactor  
  125  9:54  Supply Depot, Marine x4  
  130  10:03  SCV, Marine  
  130  10:04  SCV  
  130  10:05  SCV  
  134  10:07  Siege Tank  
  134  10:11  Marine x3  
  134  10:12  Marine x2  
  142  10:17  Marine  
  142  10:18  Marine  
  142  10:19  Refinery  
  142  10:20  Terran Infantry Armor Level 2, Terran Infantry Weapons Level 2  
  144  10:25  Marine  
  144  10:26  Command Center  
  145  10:34  Marine x3  
  148  10:35  Marine  
  148  10:36  Marine x2  
  148  10:37  Refinery  
  148  10:40  Planetary Fortress  
  148  10:41  Refinery  
  148  10:42  Terran Vehicle Weapons Level 1  
  151  10:48  Siege Tank  
  154  10:54  Marine x4  
  154  10:55  Marine x6  
  164  10:59  Siege Tank  
  167  11:10  Barracks x2  
  167  11:12  Marine x2  
  167  11:13  Medivac x2  
  167  11:16  Missile Turret  
  167  11:18  Marine x4  
  173  11:19  Marine x2  
  173  11:21  Supply Depot  
  173  11:23  Marine  
  173  11:24  Supply Depot  
  173  11:25  Marine, Siege Tank  
  184  11:38  Siege Tank  
  187  11:45  Viking x2  
  191  11:54  Marine x3  
  191  11:57  Siege Tank  
  191  11:59  Barracks Reactor  
  191  12:00  Barracks Reactor  
  188  12:03  Marine x2  
  190  12:09  Command Center, Marine x2  
  190  12:10  Siege Tank  
  195  12:15  Viking x2  
  190  12:27  Starport  
  191  12:30  Marine, Siege Tank, Starport  
  191  12:31  Marine, Planetary Fortress  
  193  12:38  Terran Infantry Weapons Level 3  
  193  12:41  Command Center  
  193  12:42  Siege Tank, Refinery  
  193  12:46  Marine x2, Refinery  
  193  12:47  Marine  
  193  12:48  Marine  
  193  12:49  Marine x3  
  197  12:52  Marine x2  
  199  13:05  Terran Vehicle Weapons Level 2, Starport Tech Lab  
  199  13:06  Terran Infantry Armor Level 3  
  199  13:07  Marine  
  200  13:14  Starport Tech Lab  
  200  13:18  Command Center  
  200  13:29  Starport  
  200  13:30  Starport  
  200  13:33  Siege Tank x2  
  182  13:35  Marine x3  
  182  13:36  Viking x2  
  182  13:39  Marine  
  182  13:40  Marine  
  182  13:41  Marine x2  
  177  13:42  Raven x2, Marine x2  
  177  13:47  Marine x2  
  173  14:04  Corvid Reactor  
  173  14:05  Siege Tank x2  
  173  14:06  Medivac x2  
  183  14:11  Marine x2  
  183  14:15  Marine x2  
  179  14:20  Marine x2  
  179  14:21  Marine x2  
  158  14:24  Starport Tech Lab, Starport Reactor  
  158  14:25  Raven x2  
  158  14:26  Marine x3  
  158  14:27  Marine  
  158  14:28  Marine x2  
  160  14:31  Orbital Command  
  160  14:32  Orbital Command  
  160  14:37  Siege Tank, Orbital Command  
  163  14:42  Medivac x2  
  163  14:45  Marine x2  
  169  14:46  Raven  
  169  14:47  Marine  
  172  14:53  Marine x3  
  172  14:54  Orbital Command  
  172  14:59  Marine x5  
  181  15:03  Viking  
  181  15:04  Viking  
  184  15:08  Raven x2  
  184  15:11  Siege Tank  
  184  15:13  Sensor Tower  
  191  15:14  Siege Tank  
  192  15:22  Viking x2  
  195  15:30  Raven  
  195  15:39  Viking x2  
  199  15:45  Terran Vehicle Weapons Level 3  
  199  15:46  Armory  
  199  15:48  Marine x2  
  197  16:08  Starport  
  197  16:18  Viking x2  
  197  16:25  Neosteel Armor, Hi-Sec Auto Tracking  
  199  16:37  Command Center  
  199  16:42  Marine  
  199  16:44  Marine x3  
  183  16:47  Siege Tank x2  
  183  16:50  Marine x2  
  183  16:52  Raven, Marine x4  
  183  16:53  Raven x2  
  193  16:56  Marine x2  
  193  16:58  Marine x2  
  193  16:59  Command Center  
  193  17:00  Marine  
  198  17:01  Marine x2  
  198  17:03  Command Center  
  199  17:22  Marine x3  
  194  17:28  Smart Servos  
  194  17:29  Siege Tank x2  
  195  17:30  Marine x3  
  195  17:35  Raven x2, Marine x2  
  195  17:36  Terran Vehicle And Ship Armor Level 1  
  196  17:39  Starport Reactor  
  196  17:40  Starport Tech Lab  
  196  17:44  Marine x2  
  196  17:49  Marine  
  196  17:50  Marine, Orbital Command  
  200  17:55  Refinery x2  
  197  18:01  Viking x4  
  199  18:09  Marine  
  200  18:22  Terran Ship Weapons Level 1  
  199  18:27  Marine  
  199  18:33  Planetary Fortress  
  200  18:35  Planetary Fortress  
  200  18:38  Siege Tank, Missile Turret  
  197  18:48  Siege Tank  
  197  19:09  Command Center  
  197  19:13  Siege Tank  
  197  19:14  Marine x2  
  197  19:17  Raven x2  
  185  19:23  Marine x5  
  194  19:26  Marine  
  194  19:27  Marine x2  
  197  19:37  Raven  
  197  19:38  Raven  
  199  19:39  Terran Vehicle And Ship Armor Level 2  
  199  19:45  Viking x4  
  200  19:59  Refinery  
  200  20:00  Refinery  
  200  20:08  Command Center  
  200  20:11  Starport  
  200  20:19  Raven x2  
  200  20:20  Raven x2  
  181  20:33  Marine x2  
  170  20:48  Starport Reactor  
  152  20:50  Viking x4, Fusion Core  
  152  20:51  Siege Tank x2  
  152  20:52  Marine x3  
  152  20:54  Orbital Command  
  152  20:55  Marine x5  
  152  20:56  Command Center, Marine x5  
  179  20:58  Terran Ship Weapons Level 2  
  179  21:02  Raven x2  
  179  21:03  Raven  
  185  21:04  Raven  
  185  21:06  Marine  
  185  21:10  Marine x3  
  191  21:14  Marine x2  
  191  21:22  Viking x2  
  191  21:23  Viking  
  196  21:42  Rapid Reignition System  
  196  21:45  Raven x2  
  200  22:18  Orbital Command  
  200  22:27  Marine x6  
  200  22:28  Marine x4, Siege Tank  
  200  22:29  Raven x2, Marine  
  161  22:30  Marine  
  130  22:38  Viking x2  
  122  22:46  Siege Tank  
  122  22:47  Marine  
  122  22:48  Marine  
  122  22:50  Marine  
  127  22:54  Viking  
  127  22:55  Viking  
  127  22:58  Viking  
  133  23:00  Siege Tank  
  133  23:01  Viking  
  138  23:06  Marine  
  138  23:08  Marine  
  138  23:09  Marine x2  
  138  23:11  Viking  
  138  23:12  Marine x2  
  141  23:17  Viking  
  141  23:19  Marine x2  
  124  23:28  Marine x3  

Tags
 
Add a new tag
Caveats
  • Supply blocks, unpowered buildings, or Contaminate may cause inaccurate times.
  • Supply counts are checked every 10 seconds.